[ PARTIDA AOE2 · #495259876 ]
UnrankedItalianos vs Italians
Equipo del jugador · VICT
Equipo rival · DERR
[ ANÁLISIS DE REPETICIÓN · EXTRAÍDO DE LA PARTIDA GRABADA ]
Feudal
10:56
Castillos
14:28
Imperial
—
| APM promedio | 34.9 |
| APM pico | 72 |
| eAPM promedio | 14.7 |
| Aldeanos / militares | 27 / 8 |
Foco
⚔️ 29.4% · 🌾 70.6%
Scout Cavalry ×8
Feudal
10:37
Castillos
14:57
Imperial
—
| APM promedio | 46.2 |
| APM pico | 118 |
| eAPM promedio | 15.3 |
| Aldeanos / militares | 39 / 0 |
Foco
⚔️ 28.6% · 🌾 71.4%
Mapa de la partida
Recursos iniciales + cada clic de construcción. Líneas = muros · curvas = relieve. ◆ oro · ⬟ piedra · ● bayas · ✦ reliquia · ◌ hueco del cierre
Tu base· ✓ Cerrada en 14:28 · 0t muro · 3 puerta(s)
Base de Chungus· ✓ Cerrada en 14:57 · 0t muro · 2 puerta(s)
Terreno inicial suavizado · ◌ = hueco del cierre detectado · pasá el cursor para detalles
Inputs por minuto
— Mandrake - - Chungus
Build order — Mandrake
68 acciones detectadas en el replay
| 0:01 | Crear | Villager (Male) |
| 0:01 | Crear | Villager (Male) |
| 0:01 | Crear | Villager (Male) |
| 0:03 | Construir | House |
| 0:04 | Construir | House |
| 0:05 | Crear | Villager (Male) |
| 1:23 | Crear | Villager (Male) |
| 1:49 | Construir | Lumber Camp |
| 1:57 | Crear | Villager (Male) |
| 2:15 | Crear | Villager (Male) |
| 2:15 | Crear | Villager (Male) |
| 2:46 | Crear | Villager (Male) |
| 2:46 | Crear | Villager (Male) |
| 3:03 | Crear | Villager (Male) |
| 3:37 | Crear | Villager (Male) |
| 3:49 | Crear | Villager (Male) |
| 3:57 | Construir | House |
| 3:59 | Construir | House |
| 4:18 | Construir | Mill |
| 4:28 | Crear | Villager (Male) |
| 4:52 | Crear | Villager (Male) |
| 4:52 | Crear | Villager (Male) |
| 5:47 | Crear | Villager (Male) |
| 5:49 | Crear | Villager (Male) |
| 6:20 | Crear | Villager (Male) |
| 6:20 | Crear | Villager (Male) |
| 6:51 | Crear | Villager (Male) |
| 6:51 | Crear | Villager (Male) |
| 7:10 | Crear | Villager (Male) |
| 8:18 | Construir | Farm |
| 8:20 | Construir | Farm |
| 8:22 | Construir | Farm |
| 8:25 | Construir | Mining Camp |
| 8:28 | Construir | Mining Camp |
| 8:34 | Investigar | Feudal Age |
| 8:34 | Investigar | Feudal Age |
| 9:00 | Construir | Barracks |
| 9:07 | Construir | House |
| 9:19 | Crear | Villager (Male) |
| 9:19 | Crear | Villager (Male) |
| 10:56 | Edad | Edad Feudal |
| 11:04 | Construir | Stable |
| 11:07 | Construir | Blacksmith |
| 11:48 | Investigar | Castle Age |
| 12:01 | Investigar | Double-Bit Axe |
| 12:01 | Investigar | Horse Collar |
| 12:08 | Construir | House |
| 12:09 | Construir | House |
| 12:27 | Construir | Farm |
| 12:30 | Crear | Scout Cavalry |
| 12:30 | Crear | Scout Cavalry |
| 12:44 | Construir | Farm |
| 12:52 | Crear | Scout Cavalry |
| 13:04 | Crear | Villager (Male) |
| 13:16 | Construir | Farm |
| 13:19 | Construir | Farm |
| 13:32 | Crear | Scout Cavalry |
| 13:45 | Crear | Villager (Male) |
| 14:05 | Crear | Scout Cavalry |
| 14:10 | Construir | Farm |
| 14:13 | Construir | Farm |
| 14:28 | Edad | Edad de los Castillos |
| 14:30 | Construir | Monastery |
| 14:35 | Investigar | Bow Saw |
| 14:35 | Investigar | Bow Saw |
| 15:01 | Crear | Scout Cavalry |
| 15:15 | Crear | Scout Cavalry |
| 15:28 | Crear | Scout Cavalry |
Build order — Chungus
66 acciones detectadas en el replay
| 0:01 | Crear | Villager (Male) |
| 0:01 | Crear | Villager (Male) |
| 0:03 | Construir | House |
| 0:04 | Construir | House |
| 0:12 | Crear | Villager (Male) |
| 0:13 | Crear | Villager (Male) |
| 1:29 | Crear | Villager (Male) |
| 2:01 | Crear | Villager (Male) |
| 2:01 | Crear | Villager (Male) |
| 2:12 | Construir | Lumber Camp |
| 2:16 | Crear | Villager (Male) |
| 2:16 | Crear | Villager (Male) |
| 2:46 | Crear | Villager (Male) |
| 2:46 | Crear | Villager (Male) |
| 3:15 | Crear | Villager (Male) |
| 3:15 | Crear | Villager (Male) |
| 3:16 | Crear | Villager (Male) |
| 3:27 | Crear | Villager (Male) |
| 3:27 | Crear | Villager (Male) |
| 3:48 | Construir | House |
| 3:49 | Construir | House |
| 3:53 | Crear | Villager (Male) |
| 3:53 | Crear | Villager (Male) |
| 3:53 | Crear | Villager (Male) |
| 4:07 | Crear | Villager (Male) |
| 4:08 | Crear | Villager (Male) |
| 4:08 | Crear | Villager (Male) |
| 5:07 | Crear | Villager (Male) |
| 5:07 | Crear | Villager (Male) |
| 5:07 | Crear | Villager (Male) |
| 5:07 | Crear | Villager (Male) |
| 5:18 | Construir | Mill |
| 5:20 | Crear | Villager (Male) |
| 5:21 | Crear | Villager (Male) |
| 6:14 | Crear | Villager (Male) |
| 6:14 | Crear | Villager (Male) |
| 6:14 | Crear | Villager (Male) |
| 6:15 | Crear | Villager (Male) |
| 6:15 | Crear | Villager (Male) |
| 6:16 | Crear | Villager (Male) |
| 7:16 | Construir | Mining Camp |
| 7:20 | Crear | Villager (Male) |
| 8:05 | Construir | Mining Camp |
| 8:20 | Investigar | Feudal Age |
| 8:31 | Construir | Mill |
| 8:58 | Construir | House |
| 8:58 | Construir | House |
| 9:15 | Crear | Villager (Male) |
| 9:16 | Crear | Villager (Male) |
| 9:16 | Crear | Villager (Male) |
| 9:19 | Investigar | Loom |
| 9:29 | Construir | House |
| 10:37 | Edad | Edad Feudal |
| 10:44 | Construir | Market |
| 10:47 | Construir | Blacksmith |
| 12:00 | Investigar | Castle Age |
| 13:06 | Investigar | Double-Bit Axe |
| 13:06 | Investigar | Double-Bit Axe |
| 14:27 | Crear | Villager (Male) |
| 14:30 | Investigar | Fletching |
| 14:30 | Investigar | Fletching |
| 14:30 | Investigar | Fletching |
| 14:57 | Edad | Edad de los Castillos |
| 15:01 | Construir | Monastery |
| 15:03 | Construir | Monastery |
| 15:19 | Construir | Castle |
Cronología de la partida
| 9:00 | Mandrake · first_building Barracks |
| 10:37 | Chungus · age_up feudal |
| 10:56 | Mandrake · age_up feudal |
| 11:04 | Mandrake · first_building Stable |
| 14:28 | Mandrake · age_up castle |
| 14:30 | Mandrake · first_building Monastery |
| 14:57 | Chungus · age_up castle |
| 15:01 | Chungus · first_building Monastery |
| 15:19 | Chungus · first_building Castle |
| 15:35 | Chungus · resign |
[ ANÁLISIS IA · 1 CRÉDITO ]
¿Qué pasó realmente en esta partida?
Wolo.gg analiza cada decisión: build order, eco, micro, errores típicos por bracket. Análisis personalizado por WhatsApp o Discord en 30 segundos.
Guía civ
Italianos
Perfil
Mandrake